 Dungeon Crawl Stone Soup version 0.21.1-1-g345015f (webtiles) character file.

119144 troglodite the Carver (level 16, 0/131 HPs)
             Began as a Demonspawn Berserker on June 8, 2018.
             Was a High Priest of Trog.
             Hit by a large rock thrown by a stone giant (43 damage)
             ... on level 3 of the Shoals on June 11, 2018.
             The game lasted 02:00:55 (39195 turns).

troglodite the Carver (Demonspawn Berserker)       Turns: 39195, Time: 02:00:56

Health: 0/131      AC: 25    Str: 17    XL:     16   Next: 27%
Magic:  0/5        EV: 11    Int: 11    God:    Trog [*****.]
Gold:   2613       SH: 13    Dex: 20    Spells: 15/15 levels left

rFire    + . .     SeeInvis .   N - +7 long sword (antimagic)
rCold    + . .     Gourm    .   G - +0 shield
rNeg     + . .     Faith    +   C - +2 plate armour {rC+}
rPois    +         Spirit   +   (helmet unavailable)
rElec    .         Reflect  .   (no cloak)
rCorr    .         Harm     .   O - +2 pair of gloves
MR       ++...                  (no boots)
Stlth    ..........             t - amulet of faith
HPRegen  0.31/turn              g - ring of protection from magic
MPRegen  0.18/turn              j - ring "Liunumamu" {rF+ rN+ Dex+2}

@: studying Short Blades
A: horns 3, slimy green scales 3, foul stench 1, magic shield, magic
regeneration, rot immunity
a: Berserk, Trog's Hand, Brothers in Arms, Burn Spellbooks, Renounce Religion


You were on level 3 of the Shoals.
You worshipped Trog.
Trog was extremely pleased with you.
You were not hungry.

You visited 4 branches of the dungeon, and saw 24 of its levels.
You also visited: Ice Cave.

You collected 3045 gold pieces.
You spent 432 gold pieces at shops.

Inventory:

Hand Weapons
 e - a +3 long sword of protection
 u - a +4 antimagic double sword
 I - the +1 falchion "Roleysh" {flame, Str+5}
   (You bought it in a shop on level 2 of the Orcish Mines)

   It has been specially enchanted to burn those struck by it, causing extra
   injury to most foes and up to half again as much damage against particularly
   susceptible opponents.
   Big, fiery blades are also staple armaments of hydra-hunters.
   It affects your strength (+5).
 N - a +7 antimagic long sword (weapon)
 R - a +4 scimitar of protection
 T - a +0 scimitar of flaming
Armour
 C - a +2 plate armour of cold resistance (worn)
 G - a +0 shield (worn)
 O - a +2 pair of gloves (worn)
Jewellery
 b - an uncursed ring of poison resistance
 g - a ring of protection from magic (left hand)
 j - the ring "Liunumamu" (right hand) {rF+ rN+ Dex+2}
   (You acquired it on level 2 of the Lair of Beasts)

   [ring of protection from fire]

   It affects your dexterity (+2).
   It protects you from fire.
   It protects you from negative energy.
 p - a +4 ring of intelligence
 t - an amulet of faith (around neck)
 L - an uncursed ring of fire
 M - an uncursed ring of see invisible
Wands
 w - a wand of polymorph (35)
 x - a wand of flame (81)
 B - a wand of iceblast (46)
 D - a wand of acid (19)
 J - a wand of random effects (27)
 K - a wand of disintegration (25)
 S - a wand of paralysis (24)
Scrolls
 d - 5 scrolls of teleportation
 m - 7 scrolls of remove curse
 n - 6 scrolls of magic mapping
 r - 4 scrolls of enchant armour
 y - a scroll of blinking
 H - 6 scrolls of identify
 P - a scroll of silence
 W - a scroll of fear
Potions
 f - 2 potions of resistance
 h - 11 potions of curing
 i - 2 potions of agility
 k - 5 potions of haste
 l - 3 potions of berserk rage
 o - 3 potions of mutation
 q - a potion of ambrosia
 s - 5 potions of lignification
 v - a potion of might
 z - 2 potions of invisibility
 A - 3 potions of magic
 E - a potion of heal wounds
 F - 3 potions of flight
Books
 a - a manual of Short Blades
Comestibles
 c - 19 rations
 Q - 5 chunks of flesh


   Skills:
 * Level 13.2 Fighting
 + Level 13.5 Long Blades
 * Level 12.8 Armour
 * Level 11.0 Dodging
 + Level 2.0 Stealth
 * Level 12.1 Shields


You had 15 spell levels left.
You didn't know any spells.

Dungeon Overview and Level Annotations

Branches:
Dungeon (13/15)            Temple (0/1) D:4            Lair (6/6) D:8
 Shoals (3/4) Lair:4        Snake (0/4) Lair:2        Slime (0/5) Lair:6
    Orc (2/2) D:11            Elf (0/3) Orc:2
 Vaults: D:13-14

Altars:
Cheibriados
Elyvilon
Fedhas
Gozag
Makhleb
Nemelex Xobeh
Ru
Trog
Uskayaw
Wu Jian
Yredelemnul
Zin
Beogh
Jiyva

Shops:
D:4 =   D:6 ?   D:8 *   Orc:2 ([}%?}(?   Shoals:1 *

Portals:
Trove: D:12 (give +2 storm dragon scales)


Innate Abilities, Weirdness & Mutations

You have a pair of large horns on your head.
You are completely covered in slimy green scales. (AC +4, rPois)
You may emit foul miasma when damaged in melee.
When hurt, damage is shared between your health and your magic reserves.
You regenerate magic rapidly.
You are immune to rotting.


Message History

Found 72 gold pieces.
A stone giant comes into view.
The stone giant shouts!
The stone giant throws a large rock.
The large rock hits you!!!
* * * LOW HITPOINT WARNING * * *
Found 17 stones and a vibrating silver ring.
You see here a large rock.
You enter the shallow water.
Moving in this stuff is going to be slow.
You see here 3 large rocks.
You enter the shallow water.
Moving in this stuff is going to be slow.
You see here a large rock.
You see here a large rock.
You see here a large rock.
The stone giant throws a large rock.
You block the large rock.
You hear a splash.
You see here 2 large rocks.
The stone giant throws a large rock.
The large rock hits you!!!
You die...

........≈.......(.###
.##.P..P......≈≈≈##
##.##.....?.≈≈###..
#....P......≈# 8..
##....<.......###≈C#
.......P.......≈##≈..# .≈
P.P.PP.P...(...## #≈..## ...
≈≈P..P.≈.(.÷...#####...# ....
≈≈≈.....≈)≈....@(≈###..###....
≈≈≈.P..≈≈≈)≈..(##(≈###(≈##....
≈≈≈..≈≈≈≈≈≈≈≈≈≈(###(≈##..##C...
PPP≈≈≈≈≈≈≈≈≈≈≈≈≈≈##≈(8#.≈##8.$.
PP..P≈≈≈≈≈≈≈≈≈≈≈≈##≈((C.## (=$
P≈P..P≈≈≈≈≈≈≈≈≈≈≈≈##(≈≈≈# #
P.≈....≈≈≈≈≈≈≈≈≈≈<###≈###
≈.P≈.P.≈≈≈≈≈≈≈≈≈≈≈≈####
..P##....≈≈...≈≈≈...#


You could see a stone giant.

Vanquished Creatures
  Gastronok (Lair:3)
  Kirke (Shoals:1)
  The ghost of Thomus the Executioner, a journeyman MiBe of Trog (Lair:6)
  2 merfolk impalers
  The ghost of nulman the Cleaver, a journeyman HOFi of Beogh (Lair:2)
  Erolcha (D:12)
  A vault guard (D:13)
  7 hydras
  A merfolk aquamancer (Shoals:1)
  A catoblepas (Shoals:2)
  2 ogre magi
  7 death yaks
  13 two-headed ogres
  A tengu warrior (D:13)
  Urug (Lair:3)
  2 slime creatures (D:12)
  The ghost of BadBadger the Quickloader, a novice CeHu of Fedhas (D:8)
  8 sea snakes
  Pikel (D:5)
  2 lindwurms (Lair:6)
  A necromancer (IceCv)
  A wolf spider zombie (D:13)
  10 harpies
  An oklob plant (Lair:5)
  11 cyclopes
  7 fauns (Shoals:1)
  7 ugly things
  6 manticores
  6 elephants (Lair:6)
  2 merfolk sirens
  2 black mambas
  2 water nymphs
  An ice statue (IceCv)
  6 torpor snails (Lair:6)
  16 spiny frogs
  10 freezing wraiths (IceCv)
  2 rime drakes (Lair:3)
  An efreet (D:13)
  5 komodo dragons
  7 polar bears
  A guardian mummy (D:12)
  A tengu conjurer (D:13)
  A wolf spider simulacrum (IceCv)
  3 trolls
  3 tyrant leeches (Lair:6)
  A raiju (Lair:6)
  Prince Ribbit (D:7)
  14 merfolk
  A wind drake (Shoals:2)
  A snapping turtle (Shoals:1)
  12 blink frogs
  14 hippogriffs
  7 hornets (Lair:6)
  11 dream sheep
  6 wyverns
  2 vampires
  Eustachio (D:6)
  4 water elementals
  5 hogs (Shoals:1)
  34 yaks
  3 vampire mosquitoes (D:13)
  5 basilisks
  A hungry ghost (D:7)
  5 wargs (Lair:6)
  2 nagas (Lair:2)
  Duvessa (D:7)
  7 water moccasins
  6 porcupines
  13 hell hounds (Lair:6)
  2 sky beasts
  An alligator simulacrum (IceCv)
  23 ice beasts
  15 orc warriors
  2 phantoms
  13 black bears
  An eye of draining (D:13)
  12 wolves (Lair:6)
  2 necrophages
  26 ogres
  7 crocodiles
  9 centaurs
  7 big kobolds
  4 gnoll sergeants
  16 bullfrogs
  A wyvern skeleton (D:7)
  6 scorpions
  Dowan (D:7)
  4 killer bees (D:8)
  10 wights
  A howler monkey (D:6)
  6 electric eels
  5 crimson imps
  2 bullfrog zombies
  3 centaur zombies
  A quasit (D:6)
  2 draconian simulacra (IceCv)
  6 hounds
  7 jellies
  9 orc priests
  A bullfrog skeleton (D:13)
  A centaur skeleton (D:9)
  5 iguanas
  Jessica (D:3)
  14 orc wizards
  2 hell rats (Lair:6)
  7 worker ants
  A polar bear simulacrum (IceCv)
  A spriggan simulacrum (IceCv)
  4 troll simulacra (IceCv)
  A wolf simulacrum (IceCv)
  A killer bee zombie (D:7)
  2 centaur simulacra (IceCv)
  A hound zombie (D:11)
  The ghost of 4thArraOfDagon the Grave Robber, a weakling DDNe (D:4)
  2 hound skeletons
  A howler monkey skeleton (D:4)
  8 gnolls
  3 naga simulacra (IceCv)
  10 river rats (Lair:6)
  13 adders
  5 ogre simulacra (IceCv)
  A shadow imp (D:5)
  9 white imps (IceCv)
  8 oozes (D:3)
  2 adder zombies
  An adder skeleton (D:7)
  2 worms (D:2)
  5 dart slugs
  4 leopard geckos
  66 orcs
  18 bats
  4 giant cockroaches
  4 goblins
  7 hobgoblins
  34 jackals
  3 quokkas
  3 ball pythons
  6 frilled lizards
  30 kobolds
  11 rats
832 creatures vanquished.

Vanquished Creatures (collateral kills)
  Polyphemus (Shoals:2)
  Donald (Shoals:3)
  3 ogre magi (Orc:2)
  An ice dragon (Lair:6)
  A merfolk avatar (Shoals:2)
  An alligator snapping turtle (Shoals:2)
  5 two-headed ogres (Orc:2)
  A merfolk aquamancer (Shoals:3)
  An orc high priest (Orc:1)
  4 elephants (Lair:6)
  3 polar bears (Lair:6)
  A merfolk (Shoals:2)
  A raiju (Lair:6)
  A water elemental (Shoals:3)
  A warg (Lair:6)
  A water moccasin (Lair:6)
  A black bear (Lair:6)
  9 ogres (Orc:2)
  A wolf (Lair:6)
  A draconian simulacrum (IceCv)
  An orc priest (Orc:1)
  An orc wizard (Orc:1)
  A troll simulacrum (IceCv)
  A centaur simulacrum (IceCv)
  3 white imps (IceCv)
  A rat (Lair:6)
47 creatures vanquished.

Vanquished Creatures (others)
  An adder (D:5)
  12 fungi
  46 plants
  7 toadstools (D:3)
66 creatures vanquished.

Grand Total: 945 creatures vanquished

Notes
Turn   | Place    | Note
-------+----------+-------------------------------------------
     0 | D:1      | troglodite the Demonspawn Berserker began the quest for the Orb.
     0 | D:1      | Reached XP level 1. HP: 18/18 MP: 1/1
   334 | D:1      | Gained mutation: You are partially covered in slimy green scales. (AC +2) [demonic ancestry]
   334 | D:1      | Reached XP level 2. HP: 23/24 MP: 2/2
   934 | D:1      | Reached ** piety under Trog
   934 | D:1      | Gained mutation: You are mostly covered in slimy green scales. (AC +3) [demonic ancestry]
   934 | D:1      | Reached XP level 3. HP: 9/29 MP: 3/3
  1853 | D:2      | Reached XP level 4. HP: 28/37 MP: 4/4
  2805 | D:3      | Found a basalt altar of Yredelemnul.
  2805 | D:3      | Found a glowing silver altar of Zin.
  2953 | D:3      | Reached *** piety under Trog
  3257 | D:3      | Gained mutation: You have a pair of small horns on your head. [demonic ancestry]
  3257 | D:3      | Reached XP level 5. HP: 42/42 MP: 5/5
  3566 | D:3      | Noticed Jessica
  3574 | D:3      | Killed Jessica
  3574 | D:3      | Reached XP level 6. HP: 48/49 MP: 6/6
  3833 | D:4      | Noticed 4thArraOfDagon's ghost (weakling DDNe)
  3840 | D:4      | Killed 4thArraOfDagon's ghost
  3852 | D:4      | HP: 1/49 [iguana (9)]
  4199 | D:4      | Found a white marble altar of Elyvilon.
  4525 | D:4      | Reached **** piety under Trog
  4554 | D:4      | Gained mutation: You are immune to rotting. [demonic ancestry]
  4554 | D:4      | Reached XP level 7. HP: 18/55 MP: 7/7
  4562 | D:4      | Reached skill level 5 in Fighting
  5194 | D:4      | Found a snail-covered altar of Cheibriados.
  5206 | D:4      | Found a staircase to the Ecumenical Temple.
  5216 | D:4      | Found Erusoeg's Jewellery Shoppe.
  5631 | D:5      | Entered Level 5 of the Dungeon
  5654 | D:5      | Reached skill level 5 in Long Blades
  5710 | D:5      | Reached XP level 8. HP: 52/62 MP: 8/8
  5712 | D:5      | Noticed Prince Ribbit
  5867 | D:5      | Reached skill level 5 in Armour
  6318 | D:5      | Noticed Pikel
  6328 | D:5      | Killed Pikel
  6335 | D:5      | Reached ***** piety under Trog
  6686 | D:6      | Gained mutation: When hurt, damage is shared between your health and your magic reserves. [demonic ancestry]
  6686 | D:6      | Reached XP level 9. HP: 62/69 MP: 9/9
  6825 | D:6      | Found a blossoming altar of Fedhas.
  6825 | D:6      | Found a hide-covered altar of Uskayaw.
  6826 | D:6      | Found a burning altar of Makhleb.
  6837 | D:6      | Found an opulent altar of Gozag.
  7131 | D:6      | Found Hyxuokev's Magic Scroll Boutique.
  7205 | D:6      | Noticed Eustachio
  7421 | D:6      | Killed Eustachio
  7958 | D:7      | Reached skill level 5 in Dodging
  7958 | D:7      | Reached skill level 1 in Stealth
  8046 | D:7      | Noticed a two-headed ogre
  8163 | D:7      | Noticed Dowan
  8179 | D:7      | Killed Dowan
  8251 | D:7      | Noticed Duvessa
  8261 | D:7      | Killed Duvessa
  8272 | D:7      | Killed Prince Ribbit
  8531 | D:7      | Killed a two-headed ogre
  8531 | D:7      | Reached XP level 10. HP: 79/79 MP: 10/10
  8783 | D:7      | Found a sacrificial altar of Ru.
  8783 | D:7      | Found a bloodstained altar of Trog.
  9092 | D:8      | Reached skill level 1 in Shields
  9227 | D:8      | Noticed BadBadger's ghost (novice CeHu)
  9237 | D:8      | Killed BadBadger's ghost
  9579 | D:8      | Received a gift from Trog
  9818 | D:8      | Noticed a two-headed hydra
  9822 | D:8      | Killed a one-headed hydra
  9870 | D:8      | Found a staircase to the Lair.
  9970 | D:8      | Found Goluig's Assorted Antiques.
 10299 | D:9      | Noticed a two-headed ogre
 10307 | D:9      | Killed a two-headed ogre
 10307 | D:9      | Gained mutation: You regenerate magic rapidly. [demonic ancestry]
 10307 | D:9      | Reached XP level 11. HP: 86/86 MP: 8/11
 10360 | D:9      | Found a sparkling altar of Nemelex Xobeh.
 10726 | D:9      | Noticed a two-headed ogre
 10749 | D:9      | Killed a two-headed ogre
 11101 | D:9      | Found an ornate altar of the Wu Jian Council.
 11329 | D:9      | Found a hide-covered altar of Uskayaw.
 11415 | D:10     | Entered Level 10 of the Dungeon
 11495 | D:10     | Reached ****** piety under Trog
 12990 | D:10     | Found a sacrificial altar of Ru.
 13358 | D:11     | Noticed a green ugly thing
 13365 | D:11     | Killed a green ugly thing
 13680 | D:11     | Noticed a green ugly thing
 13713 | D:11     | Killed a green ugly thing
 13885 | D:11     | Received a gift from Trog
 14027 | D:11     | Found a staircase to the Orcish Mines.
 14327 | D:11     | Reached skill level 10 in Armour
 14808 | D:11     | Reached skill level 5 in Shields
 15628 | D:12     | Noticed a two-headed ogre
 15644 | D:12     | Killed a two-headed ogre
 15644 | D:12     | Gained mutation: You may emit foul miasma when damaged in melee. [demonic ancestry]
 15644 | D:12     | Reached XP level 12. HP: 95/95 MP: 8/12
 15941 | D:12     | Found a portal to a secret trove of treasure.
 16143 | D:12     | Noticed Erolcha
 16156 | D:12     | Killed Erolcha
 16645 | D:13     | Reached skill level 10 in Long Blades
 17035 | D:13     | Noticed an ogre mage
 17310 | D:13     | Killed an ogre mage
 17442 | D:13     | Noticed a vault guard
 17460 | D:13     | Killed a vault guard
 17689 | D:13     | Noticed a tengu warrior
 17723 | D:13     | Killed a tengu warrior
 17886 | D:13     | Noticed a centaur warrior
 17887 | D:13     | Noticed a two-headed ogre
 18012 | Lair:1   | Entered Level 1 of the Lair of Beasts
 18268 | Lair:1   | Received a gift from Trog
 18860 | Lair:2   | Noticed nulman's ghost (journeyman HOFi)
 19144 | Lair:2   | Killed nulman's ghost
 19144 | Lair:2   | Reached skill level 10 in Fighting
 19232 | Lair:2   | Reached XP level 13. HP: 103/103 MP: 10/13
 20153 | Lair:2   | Found a staircase to the Snake Pit.
 20988 | Lair:2   | Identified a scroll of acquirement
 20991 | Lair:2   | Got a heavily runed bone ring
 20993 | Lair:2   | Identified the ring "Liunumamu" {rF+ rN+ Dex+2} (You acquired it on level 2 of the Lair of Beasts)
 21158 | Lair:3   | Noticed Urug
 21174 | Lair:3   | Killed Urug
 21243 | Lair:3   | Received a gift from Trog
 21693 | Lair:3   | Noticed Gastronok
 21706 | Lair:3   | Killed Gastronok
 22277 | Lair:4   | Found a staircase to the Shoals.
 22923 | Lair:4   | Found a white marble altar of Elyvilon.
 23449 | Lair:4   | Received a gift from Trog
 24365 | Lair:5   | Gained mutation: You have a pair of horns on your head. [demonic ancestry]
 24365 | Lair:5   | Reached XP level 14. HP: 112/113 MP: 12/14
 25234 | Lair:6   | Entered Level 6 of the Lair of Beasts
 25432 | Lair:6   | Received a gift from Trog
 25539 | Lair:6   | Found a frozen archway.
 25550 | IceCv    | Entered an ice cave
 25559 | IceCv    | HP: 5/113 [alligator simulacrum (5)]
 26626 | IceCv    | Found an ancient bone altar of Kikubaaqudgha.
 26656 | IceCv    | Received a gift from Trog
 27538 | Lair:6   | Noticed Thomus's ghost (journeyman MiBe)
 27567 | Lair:6   | Killed Thomus's ghost
 28120 | Lair:6   | Found a viscous altar of Jiyva.
 28121 | Lair:6   | Found a staircase to the Slime Pits.
 28156 | Lair:6   | Found a runed door.
 28713 | Lair:6   | Reached skill level 10 in Shields
 28732 | Lair:6   | Reached skill level 10 in Dodging
 28813 | Lair:6   | Received a gift from Trog
 28858 | Lair:6   | HP: 5/115 [raiju/living lightning (20)]
 29749 | Lair:6   | Paralysed by a hornet for 2 turns
 30096 | Lair:6   | Gained mutation: You have a pair of large horns on your head. [demonic ancestry]
 30096 | Lair:6   | Reached XP level 15. HP: 82/120 MP: 5/15
 30872 | Orc:1    | Entered Level 1 of the Orcish Mines
 31064 | Orc:2    | Entered Level 2 of the Orcish Mines
 31064 | Orc:2    | Found Dunwysot's Weapon Boutique.
 31065 | Orc:2    | Found Myossyar's Antique Armour Shop.
 31069 | Orc:2    | Found a staircase to the Elven Halls.
 31158 | Orc:2    | Found Xonoc's Antique Weapon Boutique.
 31207 | Orc:2    | Bought an ebony falchion for 216 gold pieces
 31207 | Orc:2    | Bought a steaming falchion for 216 gold pieces
 31207 | Orc:2    | Identified the cursed +1 falchion of Angimutui {slice, *Slow +Fly rF+++ Dex-2} (You bought it in a shop on level 2 of the Orcish Mines)
 31209 | Orc:2    | Identified the cursed +1 falchion "Roleysh" {flame, Str+5} (You bought it in a shop on level 2 of the Orcish Mines)
 31457 | Orc:2    | Found Houcucau's Food Emporium.
 31457 | Orc:2    | Found Juollevu's Gadget Shop.
 31458 | Orc:2    | Found Wenuacij's Gadget Boutique.
 31458 | Orc:2    | Found Ipnoneiph's Magic Scroll Emporium.
 31470 | Orc:2    | Received a gift from Trog
 31757 | Orc:2    | Found Oliuschil's Magic Scroll Boutique.
 32762 | Orc:1    | Found a roughly hewn altar of Beogh.
 33072 | Shoals:1 | Entered Level 1 of the Shoals
 35025 | Shoals:1 | Received a gift from Trog
 35179 | Shoals:1 | Noticed Kirke
 35199 | Shoals:1 | Killed Kirke
 35666 | Shoals:1 | Found Meggasm's Merry Market.
 35801 | Shoals:1 | Found Mocuvami's Food Boutique.
 36455 | Shoals:2 | Noticed Polyphemus
 37001 | Shoals:2 | Killed Polyphemus
 37013 | Shoals:2 | Gained mutation: You are completely covered in slimy green scales. (AC +4, rPois) [demonic ancestry]
 37013 | Shoals:2 | Reached XP level 16. HP: 91/130 MP: 14/16
 37596 | Shoals:2 | Received a gift from Trog
 38701 | Shoals:3 | Noticed Donald
 38711 | Shoals:3 | Killed Donald
 39184 | Shoals:3 | Noticed a titan
 39195 | Shoals:3 | Hit by a large rock thrown by a stone giant

Skill      XL: |  1  2  3  4  5  6  7  8  9 10 11 12 13 14 15 16 |
---------------+-------------------------------------------------+-----
Dodging        | 2 3 4 5 6 7 8 9 10 11 | 11.0
Armour         | 2 3 4 6 8 9 10 11 12 | 12.8
Long Blades    | 3 4 5 6 7 8 9 10 11 12 13 | 13.5
Fighting       | 4 5 6 7 8 9 10 11 12 13 | 13.2
Stealth        | 1 2 |  2.0
Shields        | 3 5 7 8 10 11 12 | 12.1

Action                   |  1- 3 |  4- 6 |  7- 9 | 10-12 | 13-15 | 16-18 || total
-------------------------+-------+-------+-------+-------+-------+-------++-------
Melee: Falchion          |   160 |   196 |   469 |   616 |  1036 |    72 ||  2549
       Headbutt          |       |    34 |   128 |   282 |   602 |    67 ||  1113
       Scimitar          |       |       |       |   454 |   456 |       ||   910
       Double sword      |       |       |       |       |   291 |       ||   291
       Long sword        |       |       |       |       |       |    90 ||    90
Invok: Berserk           |     4 |     5 |    13 |    32 |    34 |     3 ||    91
       Burn Spellbooks   |       |       |       |       |     4 |     1 ||     5
       Trog's Hand       |       |       |       |       |     1 |       ||     1
       Brothers in Arms  |       |       |       |       |    13 |     2 ||    15
  Use: Potion            |       |     1 |     1 |       |     5 |     1 ||     8
       Scroll            |       |       |     6 |    14 |    27 |     1 ||    48
 Stab: Sleeping          |     1 |       |       |       |       |       ||     1
       Distracted        |       |       |       |       |     3 |       ||     3
  Eat: Chunk             |     7 |     6 |    24 |    27 |    48 |     2 ||   114
       Ration            |       |     3 |     1 |    11 |    15 |     3 ||    33
Armor: Animal skin       |    85 |    20 |       |       |       |       ||   105
       Scale mail        |       |    84 |    53 |       |   538 |    53 ||   728
       Chain mail        |       |       |   171 |   177 |       |       ||   348
       Ring mail         |       |       |       |   246 |    33 |       ||   279
       Plate armour      |       |       |       |    29 |       |     3 ||    32
Dodge: Dodged            |   128 |   107 |   243 |   453 |   991 |   104 ||  2026
Block: Shield            |       |       |       |   527 |  1064 |   155 ||  1746
       Rpst.: Falchion   |    49 |    35 |    69 |    69 |   115 |    16 ||   353
       Scimitar          |       |       |       |    57 |    41 |       ||    98
       Double sword      |       |       |       |       |    52 |       ||    52
       Long sword        |       |       |       |       |       |     9 ||     9
